 Dungeon Crawl Stone Soup version 0.21-a0-368-g45f8505 (webtiles) character file.

91018 Seas the Unseen (level 15, -4/79 HPs)
             Began as a Spriggan Enchanter on Oct 14, 2017.
             Was the Champion of Dithmenos.
             Slain by an orc warrior
             ... wielding a +0 hand axe
              (19 damage)
             ... while paralysed by an orc sorcerer
             ... on level 2 of the Orcish Mines on Oct 15, 2017.
             The game lasted 01:20:12 (34793 turns).

Seas the Unseen (Spriggan Enchanter)               Turns: 34793, Time: 01:20:12

Health: -4/79      AC: 17    Str:  8    XL:     15   Next: 53%
Magic:  18/33      EV:  4    Int: 26    God:    Dithmenos [******]
Gold:   2055       SH:  0    Dex: 19    Spells: 23/41 levels left

rFire    + + .     SeeInvis +   F - +6 dagger "Joimmiox" {pierce, rC+ Int+7}
rCold    + . .     Gourm    .   (shield restricted)
rNeg     . . .     Faith    .   L - +2 robe {rF+}
rPois    .         Spirit   .   Z - +2 hat
rElec    .         Reflect  +   M - +2 cloak {rF+}
rCorr    .         Harm     .   (gloves unavailable)
MR       ++...                  (boots unavailable)
Stlth    ++++++++++             o - +4 amulet of reflection
HPRegen  0.23/turn              P - ring of Robustness {AC+8}
MPRegen  0.23/turn              l - +4 ring of evasion

@: paralysed, very slightly contaminated, wreathed by umbra, drained, invisible,
very quick
A: unfitting armour, see invisible, agile 1, blink, herbivore 3, speed 3, slow
metabolism 2
a: Blink, Shadow Step, Shadow Form, Renounce Religion


You were on level 2 of the Orcish Mines.
You worshipped Dithmenos.
Dithmenos was exalted by your worship.
You were very full.

You visited 4 branches of the dungeon, and saw 23 of its levels.
You also visited: Labyrinth, Ossuary, Ice Cave and Volcano.

You collected 2055 gold pieces.

Inventory:

Hand Weapons
 n - a +3 dagger of venom
 C - a +4 rapier of venom
 F - the +6 dagger "Joimmiox" (weapon) {pierce, rC+ Int+7}
   (You found it on level 10 of the Dungeon)

   It inflicts extra damage upon your enemies.
   It affects your intelligence (+7).
   It protects you from cold.
Missiles
 A - a throwing net (quivered)
Armour
 L - a +2 robe of fire resistance (worn)
 M - a +2 cloak of fire resistance (worn)
 U - a scarf of repulsion
 Z - a +2 hat (worn)
Jewellery
 l - a +4 ring of evasion (right hand)
 o - a +4 amulet of reflection (around neck)
 z - an uncursed ring of positive energy
 H - an uncursed ring of flight
 P - the ring of Robustness (left hand) {AC+8}
   (You found it on level 13 of the Dungeon)

   [ring of protection]

   It affects your AC (+8).
 W - the ring "Wove" {+Blink rF+ rN+}
   (You found it on level 2 of the Lair of Beasts)

   [ring of positive energy]

   It protects you from fire.
   It protects you from negative energy.
   It lets you blink.
 X - the ring "Maydiaroest" {Ice *Corrode rN+ Str+2 Dex+4}
   (You found it in an ice cave)

   [ring of ice]

   It enhances your ice magic.
   It affects your strength (+2).
   It affects your dexterity (+4).
   It makes you vulnerable to fire.
   It protects you from cold.
   It protects you from negative energy.
   It may corrode you when you take damage.
Wands
 k - a wand of iceblast (4/15)
 w - a wand of enslavement (12/24)
 y - a wand of iceblast (5/15)
 G - a wand of iceblast (6/15)
 K - a wand of iceblast (10/15)
 N - a wand of iceblast (7/15)
 O - a wand of iceblast (7/15)
 R - a wand of lightning (3/15)
 T - a wand of iceblast (8/15)
 V - a wand of digging (7/24)
Scrolls
 a - 2 scrolls of fear
 b - 2 scrolls of blinking
 f - 6 scrolls of teleportation
 p - 7 scrolls of remove curse
 q - a scroll of enchant armour
 v - a scroll of enchant weapon
 x - 4 scrolls of identify
 B - 4 scrolls of recharging
 D - 2 scrolls of magic mapping
Potions
 c - a potion of might
 e - 8 potions of heal wounds
 h - 12 potions of curing
 i - 4 potions of brilliance
 j - 4 potions of haste
 r - 2 potions of magic
 s - 2 potions of lignification
 t - 3 potions of flight
 u - 3 potions of cancellation
 I - a potion of mutation
 Q - 2 potions of berserk rage
 S - 4 potions of ambrosia
 Y - a potion of resistance
Books
 g - a book of Party Tricks

   Spells                             Type                      Level
   a - Summon Butterflies             Summoning                    1
   b - Apportation                    Translocation                1
   c - Lesser Beckoning               Translocation                3
   d - Tukima's Dance                 Hexes                        3
   e - Alistair's Intoxication        Transmutation/Poison         5
   f - Invisibility                   Hexes                        6
 E - a book of Conjurations

   Spells                             Type                      Level
   a - Magic Dart                     Conjuration                  1
   b - Searing Ray                    Conjuration                  2
   c - Dazzling Spray                 Conjuration/Hexes            3
   d - Fulminant Prism                Conjuration/Hexes            4
   e - Force Lance                    Conjuration/Translocation    4
   f - Iskenderun's Mystic Blast      Conjuration                  4
Comestibles
 d - 10 bread rations


   Skills:
 + Level 9.1(8.6) Fighting
 + Level 11.6(11.0) Short Blades
 + Level 14.8(14.2) Dodging
 + Level 20.6(19.9) Stealth
 + Level 13.5(12.9) Spellcasting
 + Level 13.6(13.0) Hexes


You had 23 spell levels left.
You knew the following spells:

 Your Spells              Type           Power        Failure   Level  Hunger
a - Ensorcelled Hibernat  Hex/Ice        ######       1%          2    None
b - Corona                Hex            ######.      0%          1    None
c - Confuse               Hex            ######..     1%          3    None
d - Tukima's Dance        Hex            ######..     1%          3    None
e - Dazzling Spray        Conj/Hex       ######       1%          3    None
h - Invisibility          Hex            ######..     2%          6    #####..


Dungeon Overview and Level Annotations

Branches:
Dungeon (14/15)            Temple (1/1) D:6            Lair (6/6) D:11
  Swamp (0/4) Lair:3        Snake (0/4) Lair:4        Slime (0/5) Lair:6
    Orc (2/2) D:12            Elf (0/3) Orc:2        Vaults (0/5) D:14

Altars:
Ashenzari
Cheibriados
Dithmenos
Elyvilon
Fedhas
Gozag
Hepliaklqana
Kikubaaqudgha
Makhleb
Nemelex Xobeh
Okawaru
Qazlal
Ru
Sif Muna
Trog
Uskayaw
Vehumet
Wu Jian
Xom
Yredelemnul
Zin
The Shining One

Shops:
D:7 ?   D:8 [}=   D:12 *   Orc:1 :   Orc:2 !

Portals:
Trove: D:14 (give +4 fire dragon scales)


Innate Abilities, Weirdness & Mutations

You are very small and have problems with some larger weapons.
You are too small for most types of armour.
You have supernaturally acute eyesight. (SInv)
You are a herbivore.
You cover ground extremely quickly.
You need consume almost no food.
You are agile. (Dex +2)
You can translocate small distances at will.


Message History

The gelid demonspawn is wielding a demon trident of electrocution.
The orc warrior hits you with a glaive.
The orc sorcerer gestures at you while chanting.
You suddenly lose the ability to move!
You hear a shout!
You hear a shout!
The orc sorcerer no longer looks unusually strong.
The gelid demonspawn hits you from afar with a demon trident of electrocution!
The orc warrior hits you with a glaive!
* * * LOW HITPOINT WARNING * * *
You emit a cloud of dark smoke.
You hear a shout!
The chaos spawn gores you but does no damage.
The gelid demonspawn barely misses you.
The orc sorcerer points at you and mumbles some strange words.
The bolt of negative energy hits you!
You feel drained.
* * * LOW HITPOINT WARNING * * *
The chaos spawn barely misses you.
The orc warrior hits you with a hand axe!!
You die...

#..###...#
##..#.#####
))###...# ##..##
)))....# .###..##
))#...## ..###..#
#....## .#.#####
....## §§§..##
#..## #3#§§§§.#
....## §6ooo§§#
#....## ##@#§#
..#...## ##§§4#
......)## ##§§§##
..###...##
##§§§##
#..###...###...##
##..###...#...##
#.. ##.#)#.##
##...## ##.##


You could see a gelid demonspawn, a smoke demon (wandering), a chaos spawn
(confused), an orc sorcerer and 2 orc warriors.

Vanquished Creatures
  Rupert (D:13)
  A red draconian (Volcano)
  A minotaur (Lab)
  Erica (D:8)
  4 hydras
  2 centaur warriors
  2 dancing weapons (D:14)
  A tengu warrior (D:13)
  4 two-headed ogres
  A catoblepas (D:12)
  11 death yaks
  4 orc high priests (Orc:2)
  Nergalle (Lair:2)
  An unseen horror (D:13)
  An obsidian statue (D:14)
  An orange crystal statue (D:14)
  A necromancer (IceCv)
  3 orc knights (Orc:2)
  2 oklob plants (D:11)
  An orc sorcerer (Orc:1)
  8 ugly things (D:14)
  Maurice (D:11)
  A cyclops (D:14)
  21 elephants (Lair:6)
  A manticore (D:13)
  A black mamba (Lair:5)
  An ice statue (IceCv)
  Psyche (D:11)
  25 spiny frogs
  A torpor snail (Lair:5)
  An orange demon (Orc:2)
  A gargoyle (D:12)
  2 molten gargoyles (Volcano)
  2 rime drakes
  10 freezing wraiths (IceCv)
  8 komodo dragons
  A yaktaur (Volcano)
  5 trolls
  A tengu conjurer (D:13)
  3 tyrant leeches
  A hornet (Lair:3)
  6 slime creatures
  27 blink frogs
  A meliai zombie (D:13)
  6 hippogriffs
  A shadow (Lab)
  2 wyverns
  35 yaks
  A spriggan (D:8)
  2 wraiths (D:13)
  3 redbacks (Lab)
  2 fire bats (Volcano)
  5 water elementals (D:12)
  Eustachio (D:6)
  A basilisk (Lair:3)
  A basilisk (shapeshifter) (D:14)
  8 hungry ghosts
  A death yak simulacrum (IceCv)
  2 steam dragons
  6 vampire mosquitoes (Lair:6)
  A chaos spawn (Orc:2)
  A naga (Lair:4)
  A warg (Orc:1)
  10 water moccasins
  4 porcupines
  14 ice beasts
  23 orc warriors
  3 sky beasts
  2 necrophages
  5 phantoms
  11 centaurs
  9 ogres
  30 wolves
  8 crocodiles
  2 big kobolds
  29 bullfrogs
  A wyvern skeleton (D:14)
  2 troll zombies (D:12)
  A hornet simulacrum (D:14)
  3 scorpions
  17 killer bees
  A swamp dragon simulacrum (IceCv)
  A spriggan skeleton (Lab)
  10 electric eels
  4 wights (D:10)
  6 howler monkeys
  4 crimson imps
  4 centaur zombies
  10 hounds
  4 jellies
  18 orc priests
  2 draconian simulacra (IceCv)
  2 centaur skeletons
  3 bullfrog zombies
  9 orc wizards
  3 iguanas
  2 bullfrog skeletons
  9 worker ants
  A polar bear simulacrum (IceCv)
  3 troll simulacra (IceCv)
  A statue (D:6)
  A killer bee zombie (D:7)
  A wolf simulacrum (IceCv)
  6 ogre zombies (D:12)
  5 centaur simulacra (IceCv)
  3 hound skeletons
  2 mummies (Ossuary)
  A howler monkey zombie (D:5)
  7 gnolls
  5 ogre simulacra (IceCv)
  17 adders
  5 naga simulacra (IceCv)
  4 shadow imps
  11 white imps (IceCv)
  An ooze (D:1)
  5 worms
  2 dart slugs (D:1)
  2 leopard geckos
  50 orcs
  4 ball pythons
  7 bats
  3 giant cockroaches
  9 gnoll zombies
  8 goblins
  9 hobgoblins
  8 jackals
  15 kobolds
  5 quokkas
  3 frilled lizards
  2 gnoll skeletons (Ossuary)
  4 goblin skeletons
  9 goblin zombies
  4 hobgoblin skeletons
  12 hobgoblin zombies
  A jackal skeleton (D:8)
  5 kobold skeletons
  5 kobold zombies
  A leopard gecko skeleton (D:8)
  4 orc skeletons
  14 orc zombies
  A quokka zombie (D:6)
  6 rats
  4 rat skeletons (Ossuary)
  2 rat zombies (Ossuary)
  4 plants
802 creatures vanquished.

Vanquished Creatures (collateral kills)
  An orc (Orc:1)
1 creature vanquished.

Vanquished Creatures (others)
  The ghost of Leas the Covert, a novice SpEn of Dithmenos (D:6)
  Menkaure (Ossuary)
  A centaur (Volcano)
  A worker ant (D:6)
  A mummy (Ossuary)
  A white imp (IceCv)
  2 orcs (Orc:2)
  A gnoll zombie (Ossuary)
  2 goblin skeletons (Ossuary)
  A goblin zombie (Ossuary)
  5 hobgoblin skeletons (Ossuary)
  A hobgoblin zombie (Ossuary)
  An orc zombie (Ossuary)
  2 rat skeletons (Ossuary)
  2 rat zombies (Ossuary)
  14 fungi
  37 plants
74 creatures vanquished.

Grand Total: 877 creatures vanquished

Notes
Turn   | Place    | Note
-------+----------+-------------------------------------------
     0 | D:1      | Seas the Spriggan Enchanter began the quest for the Orb.
     0 | D:1      | Reached XP level 1. HP: 9/9 MP: 5/5
    85 | D:1      | Reached XP level 2. HP: 11/13 MP: 5/7
    89 | D:1      | Learned a level 2 spell: Ensorcelled Hibernation
   847 | D:2      | Reached XP level 3. HP: 16/16 MP: 9/9
   852 | D:2      | Learned a level 3 spell: Confuse
   856 | D:2      | Learned a level 3 spell: Tukima's Dance
  1182 | D:2      | Found a white marble altar of Elyvilon.
  1540 | D:2      | Reached XP level 4. HP: 17/21 MP: 11/11
  1745 | D:2      | Found a faded altar of an unknown god.
  1779 | D:2      | Reached skill level 5 in Hexes
  2742 | D:3      | Learned a level 3 spell: Dazzling Spray
  2778 | D:3      | Found a hazy altar of Hepliaklqana.
  2910 | D:3      | Found a sparkling altar of Nemelex Xobeh.
  2955 | D:3      | Found a shadowy altar of Dithmenos.
  2963 | D:3      | Became a worshipper of Dithmenos the Shadowed
  3164 | D:3      | Reached XP level 5. HP: 3/24 MP: 1/13
  3180 | D:3      | Reached skill level 5 in Spellcasting
  3750 | D:4      | Found a glowing golden altar of the Shining One.
  3887 | D:4      | Reached * piety under Dithmenos
  3945 | D:4      | Found a sand-covered staircase.
  3953 | Ossuary  | Entered an ossuary
  4198 | Ossuary  | Killed Menkaure
  4381 | Ossuary  | Reached skill level 5 in Stealth
  4391 | Ossuary  | Reached ** piety under Dithmenos
  4703 | D:4      | Reached skill level 6 in Stealth
  4703 | D:4      | Reached XP level 6. HP: 20/28 MP: 9/15
  4959 | D:4      | Reached skill level 7 in Stealth
  5104 | D:4      | Reached skill level 8 in Stealth
  5104 | D:4      | Reached XP level 7. HP: 32/32 MP: 16/16
  5375 | D:4      | Reached skill level 9 in Stealth
  5579 | D:5      | Entered Level 5 of the Dungeon
  5653 | D:5      | Reached skill level 10 in Stealth
  6204 | D:5      | Noticed a hand axe
  6208 | D:5      | Found a hide-covered altar of Uskayaw.
  6208 | D:5      | Noticed a dagger
  6561 | D:5      | Found a blossoming altar of Fedhas.
  7087 | D:6      | Found a radiant altar of Vehumet.
  7087 | D:6      | Noticed Eustachio
  7122 | D:6      | Killed Eustachio
  7122 | D:6      | Reached skill level 11 in Stealth
  7182 | D:6      | Killed Leas's ghost
  7603 | D:6      | Reached skill level 12 in Stealth
  7603 | D:6      | Reached XP level 8. HP: 36/36 MP: 17/17
  7606 | D:6      | Reached *** piety under Dithmenos
  7943 | D:6      | Found a bloodstained altar of Trog.
  7968 | D:6      | Reached skill level 13 in Stealth
  8824 | D:6      | Reached skill level 14 in Stealth
  8882 | D:6      | Found a basalt altar of Yredelemnul.
  8966 | D:6      | Found a staircase to the Ecumenical Temple.
  8975 | Temple   | Entered the Ecumenical Temple
  9338 | D:7      | Reached skill level 15 in Stealth
  9473 | D:7      | Reached XP level 9. HP: 33/39 MP: 8/18
  9902 | D:7      | Reached skill level 1 in Fighting
 10153 | D:7      | Found Omuapo Dibef's Magic Scroll Shoppe.
 10709 | D:8      | Found a stormy altar of Qazlal.
 10710 | D:8      | Found a deep blue altar of Sif Muna.
 10723 | D:8      | Noticed Erica
 10743 | D:8      | Killed Erica
 10743 | D:8      | Reached skill level 5 in Dodging
 10775 | D:8      | Found Ogeomodgh's Jewellery Boutique.
 10820 | D:8      | Found Lisaijod's Gadget Emporium.
 10860 | D:8      | Gained mutation: You are clumsy. (Dex -2) [potion of mutation]
 10860 | D:8      | Gained mutation: You have sharp toenails. [potion of mutation]
 10861 | D:8      | Lost mutation: You have sharp toenails. [potion of mutation]
 10861 | D:8      | Lost mutation: You are clumsy. (Dex -2) [potion of mutation]
 10861 | D:8      | Gained mutation: You have large cloven feet. [potion of mutation]
 10861 | D:8      | Gained mutation: Your flesh is cold resistant. (rC+) [potion of mutation]
 10862 | D:8      | Lost mutation: Your flesh is cold resistant. (rC+) [potion of mutation]
 10862 | D:8      | Lost mutation: You have large cloven feet. [potion of mutation]
 10862 | D:8      | Gained mutation: You can translocate small distances at will. [potion of mutation]
 10862 | D:8      | Gained mutation: You are agile. (Dex +2) [potion of mutation]
 10914 | D:8      | Reached **** piety under Dithmenos
 10973 | D:8      | Reached XP level 10. HP: 48/48 MP: 21/21
 11005 | D:8      | Found Fyxeiz's Armour Shop.
 11176 | D:9      | Found a shimmering altar of Xom.
 11335 | D:9      | Noticed a two-headed ogre
 11342 | D:9      | Killed a two-headed ogre
 11342 | D:9      | Reached skill level 16 in Stealth
 12640 | D:10     | Entered Level 10 of the Dungeon
 13143 | D:10     | Reached skill level 5 in Short Blades
 13341 | D:10     | Got a bloodstained dagger
 13342 | D:10     | Identified the +6 dagger "Joimmiox" {pierce, rC+ Int+7} (You found it on level 10 of the Dungeon)
 13526 | D:11     | Reached ***** piety under Dithmenos
 13587 | D:11     | Noticed Maurice
 13596 | D:11     | Killed Maurice
 13635 | D:11     | Noticed an oklob plant
 13637 | D:11     | Found a staircase to the Lair.
 13639 | D:11     | Noticed an oklob plant
 13642 | D:11     | Killed an oklob plant
 13670 | D:11     | Reached XP level 11. HP: 53/53 MP: 19/24
 13770 | D:11     | Killed an oklob plant
 13885 | D:11     | Noticed Psyche
 13908 | D:11     | Killed Psyche
 14151 | D:11     | Noticed an eight-headed hydra
 14158 | D:11     | Killed an eight-headed hydra
 14452 | D:11     | Reached skill level 17 in Stealth
 15232 | D:12     | Found a staircase to the Orcish Mines.
 16161 | D:12     | Reached skill level 5 in Fighting
 16164 | D:12     | Noticed a two-headed ogre
 16496 | D:12     | Found Hiced's General Store.
 16687 | D:12     | Noticed a two-headed ogre
 16695 | D:12     | Killed a two-headed ogre
 16807 | D:12     | Noticed a catoblepas
 16812 | D:12     | Killed a catoblepas
 17187 | D:13     | Reached XP level 12. HP: 60/60 MP: 26/26
 17367 | D:13     | Noticed a tengu warrior
 17386 | D:13     | Killed a tengu warrior
 17386 | D:13     | Reached skill level 10 in Hexes
 17810 | D:13     | Noticed Rupert
 17813 | D:13     | Killed Rupert
 17813 | D:13     | Reached skill level 10 in Dodging
 17813 | D:13     | Reached skill level 10 in Spellcasting
 17874 | D:13     | Found the ring of Robustness {AC+8}
 17951 | D:13     | Reached skill level 18 in Stealth
 18546 | D:14     | Noticed a two-headed ogre
 18557 | D:14     | Found a gate to the Vaults.
 18691 | D:14     | Found a labyrinth entrance.
 18700 | Lab      | Entered a labyrinth
 19506 | Lab      | Noticed a minotaur
 19519 | Lab      | Killed a minotaur
 19659 | D:14     | Killed a two-headed ogre
 20100 | D:14     | Noticed a centaur warrior
 20171 | D:14     | Reached XP level 13. HP: 63/65 MP: 28/28
 20221 | D:14     | Found a portal to a secret trove of treasure.
 21632 | Lair:1   | Entered Level 1 of the Lair of Beasts
 21654 | Lair:1   | Reached ****** piety under Dithmenos
 23465 | Lair:2   | Noticed Nergalle
 23468 | Lair:2   | Killed Nergalle
 23636 | Lair:2   | Got a coiled lapis lazuli ring
 23649 | Lair:2   | Identified the ring "Wove" {+Blink rF+ rN+} (You found it on level 2 of the Lair of Beasts)
 23859 | Lair:3   | Upgraded the game from 0.21-a0-364-gbd1fde4 to 0.21-a0-368-g45f8505
 24380 | Lair:3   | Reached skill level 19 in Stealth
 24717 | Lair:3   | Found a staircase to the Swamp.
 25178 | Lair:4   | Reached XP level 14. HP: 72/72 MP: 25/30
 25294 | Lair:4   | Learned a level 6 spell: Invisibility
 25513 | Lair:4   | Found a staircase to the Snake Pit.
 25818 | Lair:4   | Reached skill level 10 in Short Blades
 26528 | Lair:5   | Found a dark tunnel.
 26538 | Volcano  | Entered a volcano
 26743 | Volcano  | Found a bloodstained altar of Trog.
 28156 | Lair:6   | Entered Level 6 of the Lair of Beasts
 28158 | Lair:6   | Found a staircase to the Slime Pits.
 28712 | Lair:6   | Reached skill level 20 in Stealth
 29362 | Lair:6   | Reached XP level 15. HP: 78/78 MP: 25/32
 30966 | Orc:1    | Entered Level 1 of the Orcish Mines
 30973 | Orc:1    | Found Zummum's Book Shoppe.
 31143 | Orc:1    | Found a frozen archway.
 31169 | IceCv    | Entered an ice cave
 31854 | IceCv    | Found an ancient bone altar of Kikubaaqudgha.
 32685 | IceCv    | Got a shimmering granite ring
 32686 | IceCv    | Identified the ring "Maydiaroest" {Ice *Corrode rN+ Str+2 Dex+4} (You found it in an ice cave)
 33980 | Orc:2    | Entered Level 2 of the Orcish Mines
 34029 | Orc:2    | Found a staircase to the Elven Halls.
 34443 | Orc:2    | Found Zaocil's Distillery.
 34445 | Orc:2    | Found Caut's Food Boutique.
 34790 | Orc:2    | Paralysed by an orc sorcerer for 7 turns
 34793 | Orc:2    | Slain by an orc warrior

Vault maps used:
D:1:      doesnt_arrival_eight_statues
D:2:      lemuel_doored_altar, first_bread,
          chequers_ecumenical_altar_simple_redux, lemuel_statue_altar
D:3:      nemelex_xobeh_ov_fountains_minmay, overflow_temple_1_default,
          nicolae_overflow_crystal_walls
D:4:      nicolae_tso_besieged_by_evil, chequers_ossuary_entry_cave,
          kennysheep_dice
D:5:      fedhas_altar_fruit_tree, dancing_weapons_uskayaw, interstate_on_off,
          nicolae_zen_rock_garden
D:6:      lemuel_crystal_altar, lemuel_zombie_altar_yredelemnul, vehumet_statue,
          lemuel_temple_firewalk_a, hangedman_decor_push, nrook_mini_vaults,
          kennysheep_generic_room_7, uniq_eustachio
D:7:      serial_shops, shop
D:8:      gammafunk_temple_overflow_pools, serial_shops, nicolae_shop_trees,
          kennysheep_mini_moat, nicolae_shop_waterfront, the_bakery, uniq_erica
D:9:      kennysheep_little_box
D:11:     dpeg_oklobed_lair, uniq_psyche, uniq_maurice
D:12:     zombieorc2_lemuel, serial_shops, shop
D:13:     uniq_rupert
D:14:     minmay_separated_statues, erik_vaults_1, nicolae_trove_entry_crystal,
          lab_entry_generic, hex_medium
Temple:   dpeg_three_leaves_temple
Lair:2:   infiniplex_staircase_pool_2, grunt_megastairs_1, uniq_nergalle
Lair:3:   minmay_swamp_entry_worms, lemuel_fruit_fields
Lair:4:   guppyfry_snake_entry_garden, grunt_megastairs_4
Lair:5:   nicolae_volcano_entry_s_turn, nicolae_lair_grove_arrangements
Lair:6:   minmay_lair_end_frog_pond, minmay_slime_entry_pillars
Orc:1:    portal_ice_cave_entry_ice_beasts, serial_shops, shop_fountains
Orc:2:    pf_orc_diabolical
Lab:      nicolae_lab_dead_adventurers, nicolae_lab_blocks, nicolae_lab_grate_2,
          nicolae_lab_grate, nicolae_lab_diamond, nicolae_lab_dead_end,
          lab_fountain, nicolae_lab_lava, nicolae_lab_statue
Ossuary:  ossuary_due_pyramid
IceCv:    ice_cave_small_necro
Volcano:  volcano_lake

Skill      XL: |  1  2  3  4  5  6  7  8  9 10 11 12 13 14 15 |
---------------+----------------------------------------------+-----
Spellcasting   | 3 4 5 6 8 9 10 11 12 13 | 13.5
Hexes          | 4 5 6 7 8 9 11 12 13 | 13.6
Stealth        | 6 8 12 15 16 17 18 19 20 | 20.6
Fighting       | 2 4 5 6 7 8 9 |  9.1
Short Blades   | 3 5 7 8 9 11 | 11.6
Dodging        | 5 7 9 11 12 14 | 14.8

Action                   |  1- 3 |  4- 6 |  7- 9 | 10-12 | 13-15 || total
-------------------------+-------+-------+-------+-------+-------++-------
Melee: Dagger            |    84 |   305 |   101 |   731 |  1021 ||  2242
       Rapier            |       |       |   141 |   105 |       ||   246
 Cast: Corona            |     2 |       |       |       |       ||     2
       Ensorcelled Hiber |    10 |    15 |    19 |    18 |    85 ||   147
       Confuse           |     1 |     4 |     8 |    39 |    33 ||    85
       Tukima's Dance    |       |     2 |       |       |     1 ||     3
       Dazzling Spray    |       |       |     9 |    11 |    29 ||    49
       Invisibility      |       |       |       |       |    20 ||    20
Invok: Shadow Step       |       |       |       |     2 |     1 ||     3
Evoke: Wand              |       |       |       |       |     2 ||     2
  Use: Scroll            |     7 |    10 |     6 |    10 |    19 ||    52
       Potion            |       |     1 |     3 |     4 |    11 ||    19
 Stab: Sleeping          |    16 |    24 |    43 |    80 |   160 ||   323
       Confused          |       |     2 |     5 |    28 |    21 ||    56
       Distracted        |       |     1 |     4 |     5 |     4 ||    14
       Invisible         |       |       |     3 |     2 |   146 ||   151
  Eat: Bread ration      |       |     1 |       |     1 |     1 ||     3
       Fruit             |       |       |     5 |     4 |    12 ||    21
       Royal jelly       |       |       |     1 |     1 |     4 ||     6
Armor: Robe              |     4 |    10 |    10 |    25 |    50 ||    99
Dodge: Dodged            |    55 |   184 |   179 |   549 |   728 ||  1695
       Deflected         |       |       |       |       |     2 ||     2
Block: Other             |       |    26 |    28 |    77 |   112 ||   243
       Reflection        |       |       |       |       |     3 ||     3

Table legend:
 A = Spawn XP
 B = Non-spawn XP
 C = Spawn XP percentage of total XP
 D = Spawn monster count
 E = Non-spawn monster count
 F = Spawn count percentage of total count
 G = Total turns spent on level
                    A         B        C        D         E        F      G
               +---------+---------+-------+---------+---------+-------+---------
         Total |       0 |  130026 |   0.0 |       0 |     797 |   0.0 | 34793
               +---------+---------+-------+---------+---------+-------+---------
           D:1 |       0 |      38 |   0.0 |       0 |      18 |   0.0 |   833
           D:2 |       0 |     114 |   0.0 |       0 |      27 |   0.0 |  2106
           D:3 |       0 |     108 |   0.0 |       0 |      20 |   0.0 |   777
           D:4 |       0 |     515 |   0.0 |       0 |      30 |   0.0 |  1223
           D:5 |       0 |     339 |   0.0 |       0 |      16 |   0.0 |  1480
           D:6 |       0 |    1152 |   0.0 |       0 |      26 |   0.0 |  1938
           D:7 |       0 |    1249 |   0.0 |       0 |      23 |   0.0 |  1226
           D:8 |       0 |    2070 |   0.0 |       0 |      19 |   0.0 |   798
           D:9 |       0 |    2157 |   0.0 |       0 |      21 |   0.0 |  1535
          D:10 |       0 |    1393 |   0.0 |       0 |      26 |   0.0 |   867
          D:11 |       0 |    5218 |   0.0 |       0 |      28 |   0.0 |  1117
          D:12 |       0 |    6990 |   0.0 |       0 |      74 |   0.0 |  2458
          D:13 |       0 |    7891 |   0.0 |       0 |      28 |   0.0 |  1588
          D:14 |       0 |   12674 |   0.0 |       0 |      32 |   0.0 |  2158
        Lair:1 |       0 |    4531 |   0.0 |       0 |      22 |   0.0 |  1195
        Lair:2 |       0 |    2137 |   0.0 |       0 |      10 |   0.0 |  1096
        Lair:3 |       0 |   10318 |   0.0 |       0 |      32 |   0.0 |  1186
        Lair:4 |       0 |    6861 |   0.0 |       0 |      31 |   0.0 |  1357
        Lair:5 |       0 |    6070 |   0.0 |       0 |      22 |   0.0 |  1403
        Lair:6 |       0 |   33373 |   0.0 |       0 |     105 |   0.0 |  2302
         Orc:1 |       0 |    3246 |   0.0 |       0 |      31 |   0.0 |  1184
         Orc:2 |       0 |    8952 |   0.0 |       0 |      50 |   0.0 |   813
           Lab |       0 |    2409 |   0.0 |       0 |       9 |   0.0 |   867
       Ossuary |       0 |      45 |   0.0 |       0 |      33 |   0.0 |   640
         IceCv |       0 |    6184 |   0.0 |       0 |      54 |   0.0 |  1830
       Volcano |       0 |    3992 |   0.0 |       0 |      10 |   0.0 |   732
               +---------+---------+-------+---------+---------+-------+---------
